TOP OF THE 1ST |
Pensacola Pilots batting - Pitching for Beaverton Bronze Souls : RHP Terry Norris
|
Pitching: RHP Terry Norris
|
|
Batting: LHB Nick Gamble
|
0-0: Ball 1-0: Ball 2-0: Ball 3-0: Base on Balls
|
Batting: RHB Jonny Lord
|
0-0: Fly out, F9 (Flyball, 89M)
|
Batting: LHB Pedro Ramos
|
0-0: Called Strike 0-1: Ball 1-1: Swinging Strike 1-2: Fly out, F9 (Flyball, 89S)
|
Batting: RHB Peter Bishop
|
0-0: Foul Ball, location: 2F 0-1: Fielders Choice at 2nd, 6-4 (Groundball, 6)
|
Top of the 1st over - 0 run(s), 0 hit(s), 0 error(s), 0 left on base; Pensacola 0 - Beaverton 0 |
BOTTOM OF THE 1ST |
Beaverton Bronze Souls batting - Pitching for Pensacola Pilots : LHP Daniel Roberts
|
Pitching: LHP Daniel Roberts
|
|
Batting: RHB Juan Becerra
|
0-0: Foul Ball, location: 2F 0-1: Ball 1-1: Ball 2-1: Called Strike 2-2: Ball 3-2: Ground out 5-3 (Groundball, 5L)
|
Batting: RHB Rusty Anderson
|
0-0: Ground out 6-3 (Groundball, 6M)
|
Batting: LHB Chance Santry
|
0-0: Swinging Strike 0-1: Ball 1-1: Swinging Strike 1-2: Ball 2-2: Strikes out swinging
|
Bottom of the 1st over - 0 run(s), 0 hit(s), 0 error(s), 0 left on base; Pensacola 0 - Beaverton 0 |
TOP OF THE 2ND |
Pensacola Pilots batting - Pitching for Beaverton Bronze Souls : RHP Terry Norris
|
Batting: LHB Weston Chaney
|
0-0: Called Strike 0-1: Fly out, F7 (Flyball, 7)
|
Batting: LHB Ricardo García
|
0-0: Ball 1-0: Ball 2-0: SINGLE (Line Drive, 6MD)
|
Batting: RHB Aaron Grizzle
|
0-0: Called Strike 0-1: Ball 1-1: Ball Ricardo García steals 2nd base 2-1: Fly out, F8 (Flyball, 8RXD) Runner from 2nd tags up, SAFE at 3rd, no throw
|
Batting: SHB Fernando Gutiérrez
|
0-0: Ball 1-0: Ball 2-0: Called Strike 2-1: Called Strike 2-2: Foul Ball, location: 2F 2-2: Ground out 6-3 (Groundball, 6)
|
Top of the 2nd over - 0 run(s), 1 hit(s), 0 error(s), 1 left on base; Pensacola 0 - Beaverton 0 |
BOTTOM OF THE 2ND |
Beaverton Bronze Souls batting - Pitching for Pensacola Pilots : LHP Daniel Roberts
|
Batting: RHB Carlos Guevara
|
0-0: Called Strike 0-1: Ball 1-1: Ball 2-1: Ground out U3 (Groundball, 3L)
|
Batting: RHB Tom Hughes
|
0-0: Ball 1-0: Swinging Strike 1-1: Called Strike 1-2: DOUBLE (Line Drive, 7LS)
|
Batting: RHB David Kerr
|
0-0: Swinging Strike 0-1: Ball 1-1: Called Strike 1-2: Ball 2-2: Foul Ball, location: 2F 2-2: Ground out 1-3 (Groundball, 15S)
|
Batting: RHB José Dávila
|
0-0: Ball 1-0: Ball 2-0: Ball 3-0: Called Strike 3-1: SINGLE (Groundball, 34D) Tom Hughes to third Runner from 3rd tries for Home, SAFE, no throw
|
Batting: RHB Carlos Carrillo
|
0-0: Called Strike 0-1: Ball José Dávila steals 2nd base 1-1: Ground out 5-3 (Groundball, 5S)
|
Bottom of the 2nd over - 1 run(s), 2 hit(s), 0 error(s), 1 left on base; Pensacola 0 - Beaverton 1 |
TOP OF THE 3RD |
Pensacola Pilots batting - Pitching for Beaverton Bronze Souls : RHP Terry Norris
|
Batting: RHB Jesús García
|
0-0: Ball 1-0: Ground out 3-1 (Groundball, 34S)
|
Batting: LHB Nick Gamble
|
0-0: Ball 1-0: Ball 2-0: Ball 3-0: Base on Balls
|
Batting: RHB Jonny Lord
|
0-0: Ball 1-0: Called Strike 1-1: Ball 2-1: Swinging Strike 2-2: Ball 3-2: Strikes out swinging
|
Batting: LHB Pedro Ramos
|
0-0: Ball 1-0: Ball Nick Gamble is caught stealing 2nd base
|
Top of the 3rd over - 0 run(s), 0 hit(s), 0 error(s), 0 left on base; Pensacola 0 - Beaverton 1 |
BOTTOM OF THE 3RD |
Beaverton Bronze Souls batting - Pitching for Pensacola Pilots : LHP Daniel Roberts
|
Batting: SHB Alberto Sandoval
|
0-0: Called Strike 0-1: Ball 1-1: Foul Ball, location: 2F 1-2: Strikes out swinging
|
Batting: RHB Juan Becerra
|
0-0: Ball 1-0: Called Strike 1-1: Called Strike 1-2: Ball 2-2: Fly out, F6 (Line Drive, 6)
|
Batting: RHB Rusty Anderson
|
0-0: Ground out 1-5-3 (Groundball, 15S)
|
Bottom of the 3rd over - 0 run(s), 0 hit(s), 0 error(s), 0 left on base; Pensacola 0 - Beaverton 1 |
TOP OF THE 4TH |
Pensacola Pilots batting - Pitching for Beaverton Bronze Souls : RHP Terry Norris
|
Batting: LHB Pedro Ramos
|
0-0: Ball 1-0: Ball 2-0: Ball 3-0: Called Strike 3-1: Ground out U3 (Groundball, 3)
|
Batting: RHB Peter Bishop
|
0-0: Foul Ball, location: 2F 0-1: Ball 1-1: Ball 2-1: Ball 3-1: Base on Balls
|
Batting: LHB Weston Chaney
|
0-0: Called Strike Peter Bishop steals 2nd base 0-1: Called Strike Peter Bishop is caught stealing 3rd base 0-2: Ball 1-2: Foul Ball, location: 2F 1-2: Foul Ball, location: 2F 1-2: Foul Ball, location: 2F 1-2: SINGLE (Groundball, 5D)
|
Batting: LHB Ricardo García
|
0-0: Ball 1-0: Ball 2-0: DOUBLE (Line Drive, 9D) Weston Chaney to third Runner from 3rd tries for Home, SAFE, throw made at trailing runner, SAFE at third!
|
Batting: RHB Aaron Grizzle
|
0-0: Swinging Strike 0-1: Ball 1-1: Called Strike 1-2: Ball 2-2: Strikes out swinging
|
Top of the 4th over - 1 run(s), 2 hit(s), 0 error(s), 1 left on base; Pensacola 1 - Beaverton 1 |
BOTTOM OF THE 4TH |
Beaverton Bronze Souls batting - Pitching for Pensacola Pilots : LHP Daniel Roberts
|
Batting: LHB Chance Santry
|
0-0: Called Strike 0-1: Ball 1-1: SOLO HOME RUN (Flyball, 89XD), Distance : 402 ft
|
Batting: RHB Carlos Guevara
|
0-0: Ball 1-0: SINGLE (Flyball, 9LS)
|
Batting: RHB Tom Hughes
|
0-0: Ball 1-0: Ball 2-0: Fly out, F7 (Flyball, 7)
|
Batting: RHB David Kerr
|
0-0: Ball 1-0: Ball 2-0: Fielders Choice at 2nd, 5-4 (Groundball, 56)
|
Batting: RHB José Dávila
|
0-0: Called Strike 0-1: Ball 1-1: Ball 2-1: Foul Ball, location: 2F 2-2: Ball Throwing error on steal attempt, E2 David Kerr to third 3-2: Foul Ball, location: 2F 3-2: TRIPLE (Groundball, 3L) David Kerr scores
|
Batting: RHB Carlos Carrillo
|
0-0: Called Strike 0-1: Ball 1-1: Ball 2-1: SINGLE (Groundball, 56D) José Dávila scores
|
Batting: SHB Alberto Sandoval
|
0-0: Swinging Strike 0-1: Ball 1-1: Ball 2-1: Foul Ball, location: 2F 2-2: Foul Ball, location: 2F 2-2: Foul Ball, location: 2F 2-2: Ball 3-2: Foul Ball, location: 2F 3-2: Base on Balls Carlos Carrillo to second
|
Batting: RHB Juan Becerra
|
0-0: Called Strike 0-1: Ball 1-1: Swinging Strike 1-2: Foul Ball, location: 2F 1-2: SINGLE (Groundball, 6MD) Carlos Carrillo to third Alberto Sandoval to second Runner from 3rd tries for Home, throw and OUT!
|
Bottom of the 4th over - 3 run(s), 5 hit(s), 1 error(s), 2 left on base; Pensacola 1 - Beaverton 4 |
TOP OF THE 5TH |
Pensacola Pilots batting - Pitching for Beaverton Bronze Souls : RHP Terry Norris
|
Batting: SHB Fernando Gutiérrez
|
0-0: Ground out 3-1 (Groundball, 34)
|
Batting: RHB Jesús García
|
0-0: Ball 1-0: Ball 2-0: Ground out 6-3 (Groundball, 56)
|
Batting: LHB Nick Gamble
|
0-0: Foul Ball, location: 2F 0-1: Ball 1-1: Swinging Strike 1-2: Ball 2-2: Ground out U3 (Groundball, 3L)
|
Top of the 5th over - 0 run(s), 0 hit(s), 0 error(s), 0 left on base; Pensacola 1 - Beaverton 4 |
BOTTOM OF THE 5TH |
Beaverton Bronze Souls batting - Pitching for Pensacola Pilots : LHP Daniel Roberts
|
Batting: RHB Rusty Anderson
|
0-0: Called Strike 0-1: Ball 1-1: Ball 2-1: DOUBLE (Line Drive, 9LM)
|
Batting: LHB Chance Santry
|
0-0: Ball 1-0: Ball 2-0: Called Strike 2-1: SINGLE (Flyball, 89S) Rusty Anderson to third Runner from 3rd tries for Home, SAFE, no throw
|
Batting: RHB Carlos Guevara
|
0-0: SINGLE (Groundball, 34D) Chance Santry to second Runner from 2nd tries for 3rd, SAFE, throw made to third
|
Batting: RHB Tom Hughes
|
0-0: Called Strike 0-1: Fly out, F8 (Flyball, 78S) Runner from 3rd tags up, SCORES, no throw
|
Batting: RHB David Kerr
|
0-0: Ball 1-0: Ball 2-0: Foul Ball, location: 2F 2-1: Foul Ball, location: 2F 2-2: Foul Ball, location: 2F 2-2: SINGLE (Groundball, 6D) Carlos Guevara to second
|
Batting: RHB José Dávila
|
0-0: SINGLE (Groundball, 56D) Carlos Guevara to third David Kerr to second Runner from 3rd tries for Home, throw and OUT! David Kerr to third José Dávila to second
|
Batting: RHB Carlos Carrillo
|
0-0: Fly out, F2 (Popup, 23)
|
Bottom of the 5th over - 2 run(s), 5 hit(s), 0 error(s), 2 left on base; Pensacola 1 - Beaverton 6 |
TOP OF THE 6TH |
Pensacola Pilots batting - Pitching for Beaverton Bronze Souls : RHP Terry Norris
|
Pitching: RHP Roberto Deleón
|
|
Batting: RHB Jonny Lord
|
0-0: Ball 1-0: Ball 2-0: Called Strike 2-1: Foul Ball, location: 2F 2-2: Ball 3-2: Base on Balls
|
Batting: LHB Pedro Ramos
|
0-0: Ball 1-0: Called Strike 1-1: Ball 2-1: Ball 3-1: Base on Balls Jonny Lord to second
|
Batting: RHB Peter Bishop
|
0-0: Called Strike 0-1: Ball 1-1: Called Strike 1-2: Strikes out looking
|
Batting: LHB Weston Chaney
|
0-0: Ball 1-0: Ball 2-0: Ball 3-0: Base on Balls Jonny Lord to third Pedro Ramos to second
|
Batting: LHB Ricardo García
|
0-0: Called Strike 0-1: Called Strike 0-2: Ball 1-2: Ball 2-2: Strikes out looking
|
Batting: RHB Aaron Grizzle
|
0-0: Ball 1-0: Ball 2-0: GRAND SLAM HOME RUN (Flyball, 7D), Distance : 383 ft
|
Pitching: RHP Ben Hepworth
|
|
Batting: SHB Fernando Gutiérrez
|
0-0: Fly out, F7 (Line Drive, 7S)
|
Top of the 6th over - 4 run(s), 1 hit(s), 0 error(s), 0 left on base; Pensacola 5 - Beaverton 6 |
BOTTOM OF THE 6TH |
Beaverton Bronze Souls batting - Pitching for Pensacola Pilots : LHP Daniel Roberts
|
Batting: SHB Alberto Sandoval
|
0-0: Swinging Strike 0-1: Ball 1-1: Ground out 4-3 (Groundball, 4M)
|
Batting: RHB Juan Becerra
|
0-0: Foul Ball, location: 2F 0-1: SINGLE (Line Drive, 7LS)
|
Pitching: RHP Jesús Núñez
|
|
Batting: RHB Rusty Anderson
|
0-0: Ball Juan Becerra steals 2nd base 1-0: Called Strike 1-1: Foul Ball, location: 2F 1-2: Ball 2-2: Strikes out looking
|
Batting: LHB Chance Santry
|
0-0: Ground out 3-1 (Groundball, 34)
|
Bottom of the 6th over - 0 run(s), 1 hit(s), 0 error(s), 1 left on base; Pensacola 5 - Beaverton 6 |
TOP OF THE 7TH |
Pensacola Pilots batting - Pitching for Beaverton Bronze Souls : RHP Ben Hepworth
|
Batting: RHB Jesús García
|
0-0: Ball 1-0: Called Strike 1-1: Foul Ball, location: 2F 1-2: Strikes out swinging
|
Batting: LHB Nick Gamble
|
0-0: Ball 1-0: Ball 2-0: Ball 3-0: Called Strike 3-1: Swinging Strike 3-2: Fly out, F5 (Popup, 5S)
|
Batting: RHB Jonny Lord
|
0-0: Ball 1-0: Ground out U3 (Groundball, 34)
|
Top of the 7th over - 0 run(s), 0 hit(s), 0 error(s), 0 left on base; Pensacola 5 - Beaverton 6 |
BOTTOM OF THE 7TH |
Beaverton Bronze Souls batting - Pitching for Pensacola Pilots : RHP Jesús Núñez
|
Batting: RHB Carlos Guevara
|
0-0: Ground out 6-3 (Groundball, 6)
|
Batting: RHB Tom Hughes
|
0-0: Ball 1-0: Foul Ball, location: 2F 1-1: Foul Ball, location: 2F 1-2: Foul Ball, location: 2F 1-2: Foul Ball, location: 2F 1-2: SINGLE (Groundball, 6MD) (infield hit)
|
Pitching: RHP Manuel Valdés
|
|
Pinch Hitting: LHB Cristóbal Gómez
|
0-0: Called Strike 0-1: Ball 1-1: Called Strike 1-2: SINGLE (Groundball, 4MD) Tom Hughes to second Runner from 2nd tries for 3rd, SAFE, no throw
|
Pinch Hitting: SHB Dawson Fowler
|
0-0: Fly out, F8 (Flyball, 8RXD) Runner from 3rd tags up, SCORES, no throw
|
Batting: RHB Carlos Carrillo
|
0-0: Swinging Strike 0-1: Ball 1-1: SINGLE (Line Drive, 8RS) Cristóbal Gómez to second
|
Batting: SHB Alberto Sandoval
|
0-0: Ball 1-0: Fly out, F7 (Flyball, 7S)
|
Bottom of the 7th over - 1 run(s), 3 hit(s), 0 error(s), 2 left on base; Pensacola 5 - Beaverton 7 |
TOP OF THE 8TH |
Pensacola Pilots batting - Pitching for Beaverton Bronze Souls : RHP Ben Hepworth
|
Now at 1B: Cristóbal Gómez
|
|
Now at SS: Joe Brinkman
|
|
Batting: LHB Pedro Ramos
|
0-0: Ball 1-0: Called Strike 1-1: Foul Ball, location: 2F 1-2: Strikes out swinging
|
Batting: RHB Peter Bishop
|
0-0: Foul Ball, location: 2F 0-1: Ball 1-1: SINGLE (Groundball, 56D)
|
Pitching: LHP Luis Carbajal
|
|
Batting: LHB Weston Chaney
|
0-0: Foul Ball, location: 2F 0-1: Swinging Strike 0-2: Ball 1-2: Strikes out swinging
|
Batting: LHB Ricardo García
|
0-0: Ball 1-0: Called Strike 1-1: Fielders Choice at 2nd, 4-6 (Groundball, 4)
|
Top of the 8th over - 0 run(s), 1 hit(s), 0 error(s), 0 left on base; Pensacola 5 - Beaverton 7 |
BOTTOM OF THE 8TH |
Beaverton Bronze Souls batting - Pitching for Pensacola Pilots : RHP Manuel Valdés
|
Batting: RHB Juan Becerra
|
0-0: Foul Ball, location: 2F 0-1: Swinging Strike 0-2: Foul Ball, location: 2F 0-2: Reached on error, E1 (Groundball, 15S)
|
Batting: RHB Rusty Anderson
|
0-0: Called Strike 0-1: Ball 1-1: Ball 2-1: Called Strike 2-2: Foul Ball, location: 2F 2-2: Foul Ball, location: 2F 2-2: Ground out 6-3 (Groundball, 6M) Juan Becerra to third
|
Batting: LHB Chance Santry
|
0-0: Intentional Walk
|
Batting: RHB Carlos Guevara
|
0-0: Ball 1-0: Ball 2-0: Ball 3-0: Base on Balls Chance Santry to second
|
Batting: RHB Tom Hughes
|
0-0: Ball 1-0: Swinging Strike 1-1: Swinging Strike 1-2: Fly out, F6 (Popup, 6)
|
Batting: LHB Cristóbal Gómez
|
0-0: Called Strike 0-1: Ball 1-1: Foul Ball, location: 2F 1-2: Foul Ball, location: 2F 1-2: Ball 2-2: Foul Ball, location: 2F 2-2: Foul Ball, location: 2F 2-2: Strikes out swinging
|
Bottom of the 8th over - 0 run(s), 0 hit(s), 1 error(s), 3 left on base; Pensacola 5 - Beaverton 7 |
TOP OF THE 9TH |
Pensacola Pilots batting - Pitching for Beaverton Bronze Souls : LHP Luis Carbajal
|
Pitching: LHP Mike Stevens
|
|
Batting: RHB Aaron Grizzle
|
0-0: Ball 1-0: Ground out 5-3 (Groundball, 5)
|
Batting: SHB Fernando Gutiérrez
|
0-0: Swinging Strike 0-1: Ball 1-1: Foul Ball, location: 2F 1-2: Ball 2-2: Ball 3-2: Base on Balls
|
Pinch Hitting: RHB Juan Hernández
|
0-0: Called Strike 0-1: Fly out, F8 (Line Drive, 78M)
|
Pinch Hitting: RHB Jesús Sánchez
|
0-0: Swinging Strike 0-1: Ball 1-1: Ball 2-1: Called Strike 2-2: Strikes out looking
|
Top of the 9th over - 0 run(s), 0 hit(s), 0 error(s), 1 left on base; Pensacola 5 - Beaverton 7 |
|